 Dungeon Crawl Stone Soup version 0.31.0-9-g3a7656b989 (webtiles) character file.

Game seed: 6568443297860747755

252 Amaterasu the Chopper (level 6, -4/48 HPs)
             Began as a Formicid Fighter on Jan 24, 2024.
             Slain by a gnoll
             ... wielding a +0 halberd
              (11 damage)
             ... on level 3 of the Dungeon.
             The game lasted 00:02:43 (2192 turns).

Amaterasu the Chopper (Formicid Fighter)            Turns: 2192, Time: 00:02:44

Health: -4/48      AC: 12    Str: 23    XL:     6   Next: 36%
Magic:  6/6        EV:  9    Int:  7    God:
Gold:   111        SH:  5    Dex: 13    Spells: 5/5 levels left

rFire   . . .        a - +0 war axe
rCold   . . .        c - +0 buckler
rNeg    . . .        b - +0 scale mail
rPois   .            (helmet unavailable)
rElec   .            (no cloak)
rCorr   .            l - +0 pair of gloves
SInv    +            (no boots)
Will    .....        f - amulet of regeneration Stlth
                     r - +4 ring of protection
HPRegen 1.08/turn    (no ring)
MPRegen 0.10/turn

%: no passive effects
@: no status effects
A: permanent stasis, dig shafts and tunnels, antennae 3, four strong arms
a: Dig, Shaft Self


You were on level 3 of the Dungeon.
You visited 1 branch of the dungeon, and saw 3 of its levels.

You collected 111 gold pieces.

Inventory:

Hand Weapons
 a - a +0 war axe (weapon)
Armour
 b - a +0 scale mail (worn)
 c - a +0 buckler (worn)
 l - a +0 pair of gloves (worn)
Jewellery
 f - an amulet of regeneration (around neck)
 h - a ring of protection from fire
 i - an amulet of guardian spirit
 o - a +5 ring of evasion
 r - a +4 ring of protection (left hand)
Scrolls
 e - a scroll of blinking
 j - 3 scrolls of immolation
 s - a scroll of identify
Potions
 g - 3 potions of heal wounds
 k - a potion of attraction
 m - 2 potions of enlightenment {unknown}
 n - 2 potions of curing {unknown}
 p - a potion of mutation {unknown}
 q - a potion of ambrosia {unknown}
 t - 2 potions of brilliance {unknown}


   Skills:
 * Level 3.9 Fighting
 + Level 5.9 Axes
 - Level 3.2 Armour
 - Level 4.0 Shields


You had 5 spell levels left.
You didn't know any spells.
Your spell library contained the following spells:

 Spells                   Type           Power      Damage    Failure   Level
 Magic Dart               Conj           0%         1d3       80%         1
 Call Imp                 Summ           0%         N/A       91%         2
 Blink                    Tloc           Unusable   N/A       N/A         2

Dungeon Overview and Level Annotations

Branches:
Dungeon (3/15)

Altars:
Ru

Shops:
D:1 (


Innate Abilities, Weirdness & Mutations

You cannot be hasted, slowed, berserked, paralysed or teleported.
You can dig through walls and to a lower floor.
You have a pair of large antennae on your head. (SInv)
Your four strong arms can wield two-handed weapons with a shield.


Message History

You closely miss the gnoll.
The gnoll is severely wounded.
You block the gnoll's attack. The gnoll closely misses you.
You block the gnoll's attack.
You slash the gnoll!
You kill the gnoll!
You block the gnoll's attack. x2
The gnoll hits you from afar with a +0 halberd. x2
The gnoll hits you with a +0 halberd. The gnoll hits you with a +0 halberd!
You are too injured to fight recklessly!
You are too injured to fight recklessly!
You are too injured to fight recklessly!
You are too injured to fight recklessly!
You are too injured to fight recklessly!
You are too injured to fight recklessly!
You are too injured to fight recklessly!
You are too injured to fight recklessly!
You are too injured to fight recklessly!
You are too injured to fight recklessly!
You are too injured to fight recklessly!
You are too injured to fight recklessly!
You are too injured to fight recklessly!
You are too injured to fight recklessly!
You closely miss the gnoll. You hit the gnoll.
The gnoll hits you but does no damage. You block the gnoll's attack.
You barely miss the gnoll. You slash the gnoll! The gnoll barely misses you.
The gnoll hits you with a +0 halberd.
You completely miss the gnoll. You barely miss the gnoll.
The gnoll barely misses you. The gnoll hits you with a +0 halberd!
You hit the gnoll but do no damage. You barely miss the gnoll.
The gnoll closely misses you. The gnoll hits you with a +0 halberd!
* * * LOW HITPOINT WARNING * * *
You block the gnoll's attack. The gnoll hits you with a +0 halberd.
* * * LOW HITPOINT WARNING * * *
You barely miss the gnoll. You hit the gnoll but do no damage.
You block the gnoll's attack. The gnoll barely misses you.
You hit the gnoll.
The gnoll is moderately wounded.
You hit the gnoll. The gnoll hits you with a +0 halberd!
You die...

.........#
########.#### .. #.#
>.# .# #.# ..## .# #.#
... .# #.# ..## .# #.#
#..# .#####.#.#
#gg##### .......#.#
#.@)...#
.#######.##.#####.##.#
.# )# #.##..........##
#.# .#
#.#########....## #.#
.# #.# ##....## #.# .#
#.# #.##..#######.. ##
#.# #.##...........
########.#
#.##..#####....
...##....#
#.###.#####....


You could see 2 gnolls.

Vanquished Creatures
  An ogre (D:3)
  Natasha (D:2)
  An orc wizard (D:3)
  A gnoll (D:3)
  5 adders
  A dart slug (D:1)
  3 orcs (D:3)
  6 endoplasms
  2 giant cockroaches
  6 goblins
  7 hobgoblins
  2 jackals (D:3)
  5 kobolds
  3 quokkas
  2 ball pythons
  5 bats
  A frilled lizard (D:1)
  10 rats
62 creatures vanquished.

Notes
Turn   | Place    | Note
-------+----------+-------------------------------------------
     0 | D:1      | Amaterasu the Formicid Fighter began the quest for the Orb.
     0 | D:1      | Reached XP level 1. HP: 18/18 MP: 1/1
    69 | D:1      | Reached XP level 2. HP: 15/24 MP: 2/2
   214 | D:1      | Reached skill level 3 in Axes
   286 | D:1      | Found Gurhot's Weapon Boutique.
   333 | D:1      | Reached XP level 3. HP: 29/29 MP: 3/3
  1103 | D:2      | Reached skill level 4 in Axes
  1103 | D:2      | Reached XP level 4. HP: 35/35 MP: 4/4
  1229 | D:2      | Noticed Natasha
  1235 | D:2      | Killed Natasha
  1568 | D:3      | Reached XP level 5. HP: 41/41 MP: 5/5
  1722 | D:3      | Found a sacrificial altar of Ru.
  1783 | D:3      | Reached skill level 5 in Axes
  1866 | D:3      | Found a faded altar of an unknown god.
  1980 | D:3      | Noticed an ogre
  1985 | D:3      | Killed an ogre
  1986 | D:3      | Reached XP level 6. HP: 35/48 MP: 6/6
  2192 | D:3      | Slain by a gnoll

Illustrated notes

Levels and vault maps discovered:
D:1:      ncdulo_lavacross, layout_basic, serial_shops, shop, minmay_cupped
D:2:      layout_loops_corners, uniq_natasha
D:3:      layout_basic, lemuel_doored_altar,
          shapermc_ecumenical_altar_mp_urbaneastern

Skill      XL: |  1  2  3  4  5 |
---------------+----------------+-----
Axes           | 3 4 5 |  5.9
Fighting       | |  3.9
Armour         | |  3.2
Shields        | |  4.0

Action                     |  1- 3 |  4- 6 || total
---------------------------+-------+-------++-------
  Melee: War axe           |   113 |    74 ||   187
    Use: Scroll            |     6 |     1 ||     7
         Potion            |       |     1 ||     1
 Armour: Scale mail        |    92 |    46 ||   138
  Dodge: Dodged            |    40 |    43 ||    83
  Block: Buckler           |    28 |    24 ||    52
